 Dungeon Crawl Stone Soup version 0.20-a0-647-gf178af5 (webtiles) character file.

391 Kiturien the Chopper (level 6, -5/53 HPs)
             Began as a Hill Orc Fighter on Feb 15, 2017.
             Splashed by a brown ugly thing's acid (7 damage)
             ... summoned by the darkness of Dithmenos
             ... on level 4 of the Dungeon.
             The game lasted 00:07:22 (3618 turns).

Kiturien the Chopper (Hill Orc Fighter)             Turns: 3618, Time: 00:07:23

Health: -5/53      AC:  4    Str: 26    XL:     6   Next: 80%
Magic:  6/6        EV:  8    Int:  8    God:
Gold:   134        SH: 10    Dex: 10    Spells: 5/5 levels left

rFire    . . .     SeeInvis .   a - +0 war axe
rCold    . . .     Gourm    .   b - +0 scale mail
rNeg     . . .     Faith    .   c - +0 shield
rPois    .         Spirit   .   e - +0 helmet
rElec    .         Reflect  .   (no cloak)
rCorr    .         Harm     .   (no gloves)
MR       .....                  (no boots)
Stlth    ..........             (no amulet)
Regen    0.2/turn               (no ring)
MPRegen  0.1/turn               (no ring)

@: mighty, corroded, slowed, very slow
A: no striking features
a: no special abilities


You were on level 4 of the Dungeon.
You were near starving.

You visited 1 branch of the dungeon, and saw 4 of its levels.

You collected 134 gold pieces.

Inventory:

Hand Weapons
 a - a +0 war axe (weapon)
 C - a cursed -3 quarterstaff
 D - a +1 hand axe of flaming
Missiles
 m - a throwing net (quivered)
Armour
 b - a +0 scale mail (worn)
 c - a +0 shield (worn)
 e - a +0 helmet (worn)
 x - a cursed +0 robe
Wands
 f - a wand of flame (20/48)
Scrolls
 h - a scroll of fear {unknown}
 i - 2 scrolls of noise {unknown}
 j - 2 scrolls of remove curse {unknown}
 n - a scroll of immolation {unknown}
 o - 4 scrolls of identify {unknown}
 q - a scroll of blinking {unknown}
 r - a scroll of amnesia {unknown}
 u - a scroll of teleportation {unknown}
 y - a scroll of recharging {unknown}
Potions
 d - 3 potions of might
 g - a potion of resistance {unknown}
 p - a potion of degeneration {unknown}
 s - a potion of heal wounds {unknown}
 t - a potion of brilliance {unknown}
 v - a potion of flight {unknown}
 A - 3 potions of curing {unknown}
 B - a potion of mutation {unknown}
Comestibles
 k - 2 meat rations
 l - 8 fruits
 w - a royal jelly
 z - 2 bread rations


   Skills:
 + Level 4.7 Fighting
 + Level 5.8 Axes
 + Level 4.5 Armour
 + Level 1.2 Dodging
 + Level 4.9 Shields


You had 5 spell levels left.
You didn't know any spells.

Dungeon Overview and Level Annotations

Branches:
Dungeon (4/15)
 Temple: D:4-7

Altars:
Dithmenos


Message History

Natasha is almost dead.
Natasha claws you.
You slash Natasha!
You kill Natasha!
Natasha screams in pain as she dies!
You start resting.
Dithmenos weaves monsters from the shadows.
The divine experience drains your vigour!
You feel yourself slow down.
You feel very mighty all of a sudden.
You miss the hungry ghost. You barely miss the brown ugly thing.
You block the hungry ghost's attack. The brown ugly thing pecks you!
The acid corrodes you!
You are splashed with acid!
The acid burns!
* * * LOW HITPOINT WARNING * * *
The hungry ghost hits you.
* * * LOW HITPOINT WARNING * * *
You feel somewhat more hungry. The brown ugly thing pecks you.
* * * LOW HITPOINT WARNING * * *
You are splashed with acid!
The acid burns!
You die...

###########.##.#
#.# #.##.####.#
#.##......#
#.######### #.#
#.# #.#
#.###########.
#....u@W......
##############


You could see a brown ugly thing and a hungry ghost.

Vanquished Creatures
  Sigmund (D:4)
  A centaur (D:3)
  Natasha (D:4)
  A gnoll (D:2)
  3 adders
  4 worms
  2 dart slugs (D:2)
  A leopard gecko (D:1)
  5 orcs
  10 bats
  3 giant cockroaches
  4 goblins
  8 hobgoblins
  3 jackals (D:2)
  3 quokkas (D:3)
  4 frilled lizards
  9 kobolds
  7 rats
70 creatures vanquished.

Notes
Turn   | Place    | Note
-------+----------+-------------------------------------------
     0 | D:1      | Kiturien the Hill Orc Fighter began the quest for the Orb.
     0 | D:1      | Reached XP level 1. HP: 19/19 MP: 1/1
     6 | D:1      | Noticed a hog
     6 | D:1      | Noticed a four-headed hydra
     7 | D:1      | Noticed a polar bear
     7 | D:1      | Noticed a swamp worm
   101 | D:1      | Reached XP level 2. HP: 15/27 MP: 2/2
   568 | D:2      | Reached skill level 3 in Axes
   705 | D:2      | Reached XP level 3. HP: 33/33 MP: 3/3
  1043 | D:2      | Found a faded altar of an unknown god.
  1068 | D:2      | Reached skill level 4 in Axes
  1068 | D:2      | Reached XP level 4. HP: 37/40 MP: 4/4
  1169 | D:2      | Became a worshipper of Dithmenos the Shadowed
  1169 | D:2      | Reached * piety under Dithmenos
  1546 | D:2      | Fell from the grace of Dithmenos
  2665 | D:3      | Noticed a centaur
  2675 | D:3      | Killed a centaur
  2675 | D:3      | Reached skill level 1 in Dodging
  2675 | D:3      | Reached XP level 5. HP: 19/46 MP: 5/5
  2924 | D:3      | Reached skill level 5 in Axes
  3533 | D:4      | Noticed Sigmund
  3543 | D:4      | Killed Sigmund
  3543 | D:4      | Reached XP level 6. HP: 35/53 MP: 6/6
  3568 | D:4      | Noticed Natasha
  3575 | D:4      | Killed Natasha
  3617 | D:4      | Noticed a brown ugly thing
  3617 | D:4      | Noticed a hungry ghost
  3618 | D:4      | HP: 2/53 [brown ugly thing[the darkness of Dithmenos] (2)]
  3618 | D:4      | Splashed by a brown ugly thing's acid

Vault maps used:
D:1:      onia_arrival_zoo_common
D:2:      chequers_ecumenical_altar_island, minmay_small_reverse_x
D:3:      cheibrodos_helix_gallery, first_bread
D:4:      uniq_natasha, uniq_sigmund

Skill      XL: |  1  2  3  4  5 |
---------------+----------------+-----
Axes           | 3 4 5 |  5.8
Fighting       | 4 |  4.7
Shields        | 4 |  4.9
Armour         | 4 |  4.5
Dodging        | 1 |  1.2

Action                   |  1- 3 |  4- 6 || total
-------------------------+-------+-------++-------
Melee: War axe           |   100 |   177 ||   277
Invok: Renounce Religion |       |     1 ||     1
  Use: Potion            |       |     1 ||     1
  Eat: Chunk             |     1 |     2 ||     3
       Bread ration      |       |     1 ||     1
Armor: Scale mail        |    63 |    79 ||   142
Dodge: Dodged            |    42 |    53 ||    95
Block: Shield            |    64 |   112 ||   176
